 Dungeon Crawl Stone Soup version 0.28.0-53-g5a82cb258f (webtiles) character file.

Game seed: 5171185258375720582

991 boopmooplesden the Cleaver (level 7, -15/62 HPs)
             Began as a Minotaur Berserker on July 21, 2022.
             Was a Priest of Trog.
             Demolished by an ogre
             ... wielding a +0 giant spiked club
              (20 damage)
             ... on level 5 of the Dungeon.
             The game lasted 00:03:56 (4426 turns).

boopmooplesden the Cleaver (Minotaur Berserker)     Turns: 4426, Time: 00:03:56

Health: -15/62     AC:  2    Str: 22    XL:     7   Next: 98%
Magic:  6/6        EV: 13    Int:  4    God:    Trog [***...]
Gold:   139        SH:  5    Dex: 11    Spells: 6/6 levels left

rFire   . . .      SeeInvis .   r - +0 broad axe
rCold   . . .      Faith    .   (no shield)
rNeg    . . .      Spirit   .   b - +0 animal skin
rPois   .          Reflect  +   (helmet restricted)
rElec   .          Harm     .   (no cloak)
rCorr   .          Rampage  .   (no gloves)
Will    .....                   (no boots)
Stlth   ++........              e - amulet of reflection
HPRegen 0.20/turn               (no ring)
MPRegen 0.10/turn               (no ring)

@: no status effects
A: horns 2, retaliatory headbutt
a: Renounce Religion, Berserk, Trog's Hand


You were on level 5 of the Dungeon.
You worshipped Trog.
Trog was most pleased with you.
You visited 1 branch of the dungeon, and saw 5 of its levels.

You collected 139 gold pieces.

Inventory:

Hand Weapons
 a - a +0 hand axe
 r - a +0 broad axe (weapon)
Armour
 b - a +0 animal skin (worn)
Jewellery
 e - an amulet of reflection (around neck)
 k - an amulet of regeneration
 l - a ring of protection from cold
 u - an amulet of guardian spirit
Wands
 m - a wand of flame (25)
 n - a wand of paralysis (8)
Scrolls
 d - 6 scrolls of identify {unknown}
 f - a scroll of noise {unknown}
 j - 2 scrolls of fear {unknown}
 o - a scroll of enchant armour {unknown}
 q - 2 scrolls of enchant weapon {unknown}
 w - a scroll of amnesia {unknown}
 x - a scroll of torment {unknown}
Potions
 c - a potion of magic {unknown}
 g - 4 potions of curing {unknown}
 h - a potion of brilliance {unknown}
 i - a potion of might
 p - a potion of attraction {unknown}
 s - a potion of haste {unknown}
 t - a potion of lignification {unknown}
 v - a potion of ambrosia {unknown}
 z - a potion of resistance {unknown}
 A - a potion of heal wounds {unknown}


   Skills:
 + Level 5.8 Fighting
 + Level 8.1 Axes
 + Level 2.8 Armour
 + Level 4.7 Dodging
 + Level 2.5 Stealth
 + Level 2.6 Shields


You had 6 spell levels left.
You didn't know any spells.
Your spell library was empty.

Dungeon Overview and Level Annotations

Branches:
Dungeon (5/15)             Temple (0/1) D:4

Altars:
Gozag
Uskayaw
Yredelemnul
The Shining One


Innate Abilities, Weirdness & Mutations

You have a pair of horns on your head.
You reflexively headbutt those who attack you in melee.


Message History

The shadow imp barely misses you.
You closely miss the shadow imp.
The shadow imp is almost dead.
You block the shadow imp's attack. The shadow imp misses you.
You closely miss the shadow imp. You headbutt the shadow imp.
You kill the shadow imp!
Trog accepts your kill.
You feel yourself speed up.
A quokka comes into view.
A quokka is nearby!
A quokka is nearby!
The quokka bites you.
You slash the quokka!
You kill the quokka!
Trog accepts your kill.
You recover from your berserk rage.
A - a sapphire potion
Things that are here:
a +4 dagger of protection; a +0 robe; the elf corpse of Dowan
Things that are here:
a +0 short sword; a +0 scale mail; the elf corpse of Duvessa An ogre comes into view.
It is wielding a +0 giant spiked club.
An ogre is nearby!
An ogre is nearby!
An orc wizard comes into view. It is wielding a +0 dagger.
The orc wizard points at you and mumbles some strange words.
The magic dart hits you!
The orc wizard points at you and mumbles some strange words.
The magic dart hits you.
The ogre hits you with a +0 giant spiked club!!
You barely miss the ogre.
The ogre hits you with a +0 giant spiked club!!
* * * LOW HITPOINT WARNING * * *
You hit the ogre.
The ogre is lightly wounded.
The ogre misses you.
You closely miss the ogre.
The ogre is lightly wounded.
The ogre hits you with a +0 giant spiked club!!
You die...

# ....#...# ........ .......
#.... #...####################
.. #.............##.....+..
....##.............##.....#..
............@......##.....#..
#...##.....oO.))............. #
##...........##...#......
.........................>.
.......#............#...#......
.......#............#...#......
...#.# ####.........#.......#..
##.... #........####.......#..
#.....###........#######....#..


You could see an ogre and an orc wizard.

Vanquished Creatures
  Duvessa (D:5)
  2 necrophages
  An ogre (D:4)
  A black bear (D:4)
  A phantom (D:4)
  A scorpion (D:5)
  A wyvern skeleton (D:4)
  Dowan (D:5)
  A hound (D:5)
  An orc priest (D:4)
  A bullfrog skeleton (D:5)
  2 orc wizards (D:4)
  3 hound skeletons
  Robin (D:2)
  4 adders
  A shadow imp (D:5)
  An ufetubus (D:4)
  2 worms
  2 dart slugs (D:1)
  4 orcs
  2 endoplasms
  2 giant cockroaches
  11 goblins
  12 hobgoblins
  2 jackals (D:2)
  9 kobolds
  5 quokkas
  5 ball pythons
  2 bats (D:1)
  2 frilled lizards
  3 rats
87 creatures vanquished.

Notes
Turn   | Place    | Note
-------+----------+-------------------------------------------
     0 | D:1      | boopmooplesden the Minotaur Berserker began the quest for
                  | the Orb.
     0 | D:1      | Reached XP level 1. HP: 19/19 MP: 0/0
   379 | D:1      | Reached XP level 2. HP: 12/27 MP: 1/1
   606 | D:1      | Reached skill level 4 in Axes
  1295 | D:2      | Reached XP level 3. HP: 31/33 MP: 2/2
  1393 | D:2      | Noticed Robin
  1404 | D:2      | Reached ** piety under Trog
  1408 | D:2      | Killed Robin
  1876 | D:2      | Identified the +6 short sword of the Middle {vorpal, Dex+3}
  2203 | D:3      | Reached XP level 4. HP: 41/41 MP: 3/3
  2311 | D:3      | Noticed a necrophage
  2316 | D:3      | Killed a necrophage
  2317 | D:3      | Reached skill level 5 in Axes
  2317 | D:3      | Reached skill level 1 in Shields
  2317 | D:3      | Reached XP level 5. HP: 47/47 MP: 4/4
  2507 | D:3      | Found an opulent altar of Gozag.
  2511 | D:3      | Found a glowing golden altar of the Shining One.
  2514 | D:3      | Found a hide-covered altar of Uskayaw.
  2725 | D:4      | Found a basalt altar of Yredelemnul.
  2759 | D:4      | Noticed a phantom
  2773 | D:4      | Killed a phantom
  2774 | D:4      | Reached skill level 6 in Axes
  2774 | D:4      | Reached skill level 1 in Stealth
  2774 | D:4      | Reached XP level 6. HP: 34/55 MP: 5/5
  2979 | D:4      | Reached skill level 5 in Fighting
  3001 | D:4      | HP: 1/56 [orc priest/divine providence (15)]
  3354 | D:4      | Reached skill level 7 in Axes
  3354 | D:4      | Reached XP level 7. HP: 61/61 MP: 6/6
  3605 | D:4      | Found a staircase to the Ecumenical Temple.
  3900 | D:5      | Entered Level 5 of the Dungeon
  4266 | D:5      | Noticed Duvessa
  4266 | D:5      | Noticed Dowan
  4277 | D:5      | Killed Duvessa
  4278 | D:5      | Reached skill level 8 in Axes
  4278 | D:5      | Killed Dowan
  4323 | D:5      | Reached *** piety under Trog
  4426 | D:5      | Demolished by an ogre

Illustrated notes

Levels and vault maps discovered:
D:1:      minmay_arrival_nine_rooms, layout_loops_ring, hangedman_decor_push
D:2:      layout_basic, nicolae_underground_beach, uniq_robin
D:3:      layout_rooms, grunt_temple_overflow_diamond
D:4:      layout_rooms, mainiacjoe_overflow_cross_hatched,
          minmay_temple_entry_butterflies, grunt_ministairs_13,
          kennysheep_generic_room_16
D:5:      layout_basic, serial_park_tiny_2, columned_hall_lemuel, uniq_duvessa

Skill      XL: |  1  2  3  4  5  6  7 |
---------------+----------------------+-----
Axes           | 4 5 6 7 8 |  8.1
Fighting       | 4 5 |  5.8
Dodging        | 3 4 |  4.7
Shields        | 1 2 |  2.6
Stealth        | 1 2 |  2.5
Armour         | |  2.8

Action                   |  1- 3 |  4- 6 |  7- 9 || total
-------------------------+-------+-------+-------++-------
Melee: Hand axe          |    82 |    70 |       ||   152
       Headbutt          |     9 |    11 |     8 ||    28
       Punch             |     2 |     1 |     1 ||     4
       Broad axe         |       |     5 |    50 ||    55
Invok: Berserk           |     1 |     4 |     1 ||     6
 Stab: Sleeping          |     1 |     2 |     1 ||     4
Armor: Animal skin       |     6 |     6 |     5 ||    17
Dodge: Dodged            |    35 |    40 |    23 ||    98
Block: Other             |    10 |    23 |     9 ||    42
       Reflection        |       |     1 |       ||     1
